 Dungeon Crawl Stone Soup version 0.27.1-3-gb3d3a73c9e (webtiles) character file.

Game seed: 5055453664896101675

65 barney the Changer (level 3, 0/28 HPs)
             Began as a Draconian Transmuter on Oct 5, 2021.
             Slain by a quokka (2 damage)
             ... on level 3 of the Dungeon.
             The game lasted 00:01:49 (2469 turns).

barney the Changer (Draconian Transmuter)           Turns: 2469, Time: 00:01:50

Health: 0/28       AC:  6    Str: 12    XL:     3   Next: 94%
Magic:  5/6        EV: 12    Int: 16    God:
Gold:   126        SH:  0    Dex: 11    Spells: 5/6 levels left

rFire    . . .     SeeInvis .   f - +0 long sword
rCold    . . .     Faith    .   (no shield)
rNeg     . . .     Spirit   .   (armour unavailable)
rPois    .         Reflect  .   (helmet currently unavailable)
rElec    .         Harm     .   d - +0 cloak
rCorr    .         Rampage  .   (no gloves)
Will     .....                  (boots currently unavailable)
Stlth    +.........             (no amulet)
HPRegen  0.09/turn              (no ring)
MPRegen  0.10/turn              (no ring)

@: appendages
A: horns 2, talons 2, AC +5, unfitting armour, cold-blooded, clever 1, mutation
resistance 1
a: End Transformation


You were on level 3 of the Dungeon.
You had temporarily grown beastly horns and talons.
You visited 1 branch of the dungeon, and saw 3 of its levels.

You collected 126 gold pieces.

Inventory:

Hand Weapons
 f - a +0 long sword (weapon)
Armour
 d - a +0 cloak (worn)
Scrolls
 b - a scroll of noise {unknown}
 e - a scroll of teleportation {unknown}


   Skills:
 - Level 1.1 Fighting
 - Level 1.7 Dodging
 - Level 3.0 Unarmed Combat
 - Level 2.0 Spellcasting
 * Level 4.3 Transmutations


You had 5 spell levels left.
You knew the following spells:

 Your Spells              Type           Power      Damage    Failure   Level
a - Beastly Appendage     Tmut           30%        N/A       3%          1

Your spell library contained the following spells:

 Spells                   Type           Power      Damage    Failure   Level
 Wereblood                Tmut           15%        N/A       5%          2
 Spider Form              Tmut/Pois      4%         N/A       26%         3
 Ice Form                 Ice/Tmut       8%         N/A       65%         4
 Fireball                 Conj/Fire      0%         3d3       99%         5
 Starburst                Conj/Fire      0%         6d3       100%        6
 Ignition                 Fire           0%         3d3       100%        8


Dungeon Overview and Level Annotations

Branches:
Dungeon (3/15)

Altars:
Nemelex Xobeh

Shops:
D:1 *


Innate Abilities, Weirdness & Mutations

You have temporarily grown beastly horns and talons.
Your plain brown scales are hard. (AC +5)
You cannot fit into any form of body armour.
You are cold-blooded and may be slowed by cold attacks.
Your mind is acute. (Int +2)
You are somewhat resistant to further mutation.


Message History

You barely miss the worm.
The worm is moderately wounded.
The quokka bites you.
You barely miss the worm.
The worm is moderately wounded.
The quokka misses you. The worm bites you!
The quokka bites you but does no damage.
You hit the worm.
The worm is moderately wounded.
The quokka barely misses you.
You riposte.
You miss the quokka. The worm bites you. The quokka closely misses you.
You slash the worm! You tail-slap the worm.
The worm is almost dead.
The quokka bites you but does no damage.
The worm bites you.
* * * LOW HITPOINT WARNING * * *
It was a potion of mutation.
You feel extremely strange.
You feel clever.
You feel genetically stable.
The quokka twitches its whiskers.
The quokka barely misses you.
The quokka bites you but does no damage.
The worm closely misses you. x2
Casting: Beastly Appendage (safe; 3% risk of failure)
Confirm with . or Enter, or press ? or * to list all spells.
You grow a pair of large bovine horns.
Your feet morph into talons.
The quokka completely misses you.
You riposte.
You barely miss the quokka. Your headbutt misses the quokka.
Your tail-slap misses the quokka.
Unknown command.
You hit the worm.
The worm is almost dead.
The quokka bites you but does no damage.
The worm bites you.
* * * LOW HITPOINT WARNING * * *
The worm bites you.
* * * LOW HITPOINT WARNING * * *
The quokka bites you but does no damage.
You barely miss the worm.
The worm is almost dead.
The quokka bites you.
You die...

##.≈.≈....#
...⌠≈....#
...≈≈....##
.......... ###
#.......# #...
.......#
#..#†.....#
#..w@r....#
.....#w.†....#
##. ###.......
.......
.......
.......
.......
.......


You could see 2 worms and a quokka.

Vanquished Creatures
  An adder (D:2)
  4 ball pythons
  8 bats
  6 endoplasms
  4 giant cockroaches
  4 goblins
  5 hobgoblins (D:1)
  6 jackals
  A kobold (D:2)
  4 quokkas
  2 frilled lizards
  4 rats
49 creatures vanquished.

Vanquished Creatures (others)
  A fungus (D:2)
  A plant (D:2)
2 creatures vanquished.

Grand Total: 51 creatures vanquished

Notes
Turn   | Place    | Note
-------+----------+-------------------------------------------
     0 | D:1      | barney the Draconian Transmuter began the quest for the
                  | Orb.
     0 | D:1      | Reached XP level 1. HP: 16/16 MP: 3/3
   227 | D:1      | Found Qewiq's General Store.
   235 | D:1      | Reached XP level 2. HP: 23/23 MP: 3/5
   242 | D:1      | Reached skill level 3 in Transmutations
   735 | D:1      | Reached XP level 3. HP: 27/28 MP: 4/6
  1628 | D:2      | Reached skill level 4 in Transmutations
  1668 | D:2      | Found a sparkling altar of Nemelex Xobeh.
  1705 | D:2      | Found a faded altar of an unknown god.
  2466 | D:3      | Gained mutation: Your mind is acute. (Int +2) [potion of
                  | mutation]
  2466 | D:3      | Gained mutation: You are somewhat resistant to further
                  | mutation. [potion of mutation]
  2469 | D:3      | Slain by a quokka

Illustrated notes

Levels and vault maps discovered:
D:1:      dpeg_chamrin_arrival_tetris, layout_basic, serial_shops,
          shop_fountains, minmay_tromino_v4_a
D:2:      layout_basic, basic_altar, dreamdust_ecumenical_altar_grove,
          wander_ebering_terrifying_dragon_lair
D:3:      layout_loops_cross, corexii_leaking_fountain

Skill      XL: |  1  2  3 |
---------------+----------+-----
Transmutations | 3 4 |  4.3
Fighting       | |  1.1
Dodging        | |  1.7
Unarmed Combat | |  3.0
Spellcasting   | |  2.0

Action                   || total
-------------------------++-------
Melee: Unarmed           ||    15
       Short sword       ||   110
       Kick              ||    22
       Headbutt          ||     7
       Tailslap          ||     9
       Long sword        ||    11
       Punch             ||     2
 Cast: Beastly Appendage ||    24
  Use: Potion            ||     1
 Stab: Sleeping          ||     1
Armor: Skin              ||    66
Dodge: Dodged            ||   143
       Rpst.: Long sword ||    13
